 Dungeon Crawl Stone Soup version 0.22-a0-460-g49b1da7 (webtiles) character file.

125 HDogLeCool the Insei (level 4, -4/36 HPs)
             Began as a Draconian Transmuter on June 8, 2018.
             Killed by divine providence
             ... invoked by an orc priest
              (17 damage)
             ... on level 3 of the Dungeon.
             The game lasted 00:11:59 (1347 turns).

HDogLeCool the Insei (Draconian Transmuter)         Turns: 1347, Time: 00:12:01

Health: -4/36      AC:  5    Str: 12    XL:     4   Next: 82%
Magic:  5/8        EV: 12    Int: 14    God:
Gold:   133        SH:  0    Dex: 12    Spells: 7/8 levels left

rFire    . . .     SeeInvis .     - Unarmed
rCold    . . .     Gourm    .   (no shield)
rNeg     + . .     Faith    .   (armour unavailable)
rPois    .         Spirit   .   (helmet restricted)
rElec    .         Reflect  .   (no cloak)
rCorr    .         Harm     .   (no gloves)
MR       .....                  (no boots)
Stlth    +.........             (no amulet)
HPRegen  0.12/turn              k - ring of positive energy
MPRegen  0.11/turn              (no ring)

@: appendage
A: unfitting armour, horns 2, cold-blooded, AC +5
a: End Transformation


You were on level 3 of the Dungeon.
You were not hungry.
You had grown temporary horns.
You visited 1 branch of the dungeon, and saw 3 of its levels.

You collected 133 gold pieces.

Inventory:

Hand Weapons
 d - a +0 hunting sling
 i - a +3 mace of venom
Missiles
 a - 12 arrows
 e - 68 stones (quivered)
Jewellery
 k - a ring of positive energy (left hand)
Scrolls
 g - a scroll of teleportation {unknown}
 m - a scroll of random uselessness {unknown}
 n - a scroll of remove curse {unknown}
 o - a scroll of noise {unknown}
 q - a scroll of immolation {unknown}
 r - a scroll of amnesia {unknown}
Potions
 b - a potion of heal wounds {unknown}
 f - a potion of berserk rage {unknown}
 j - a potion of flight {unknown}
 p - 2 potions of mutation {unknown}
Comestibles
 c - 4 rations
 l - 6 chunks of flesh


   Skills:
 + Level 2.0 Fighting
 - Level 1.8 Dodging
 * Level 4.0 Unarmed Combat
 * Level 2.9 Spellcasting
 * Level 3.1 Transmutations


You had 7 spell levels left.
You knew the following spells:

 Your Spells              Type           Power        Failure   Level  Hunger
a - Beastly Appendage     Tmut           ##....       6%          1    #......

Your spell library contained the following spells:

 Spells                   Type           Power        Failure   Level  Hunger
 Spider Form              Tmut/Pois      #.........   34%         3    ###....
 Blade Hands              Tmut           ##........   86%         5    ######.
 Ice Form                 Ice/Tmut       #.......     75%         4    #####..
 Sticks to Snakes         Tmut           ##......     9%          2    ##.....


Dungeon Overview and Level Annotations

Branches:
Dungeon (3/15)

Altars:
Cheibriados


Innate Abilities, Weirdness & Mutations

Your plain brown scales are hard. (AC +5)
You cannot fit into any form of body armour.
You are cold-blooded and may be slowed by cold attacks.
You have a pair of horns on your head.


Message History

You hit the orc wizard.
You kill the orc wizard!
Your horns disappear.
The orc wizard casts a spell.
The orc wizard blinks!
You hit the orc wizard but do no damage.
The orc wizard hits you but does no damage.
The orc priest hits you with a whip. The orc wizard closely misses you.
Casting: Beastly Appendage (safe; 6% risk of failure)
Confirm with . or Enter, or press ? or * to list all spells.
You grow a pair of large bovine horns.
The orc priest completely misses you. The orc wizard hits you with a dagger.
You hit the orc wizard.
You kill the orc wizard!
Your Fighting skill increases to level 2!
Your Unarmed Combat skill increases to level 4!
Your Transmutations skill increases to level 3!
The orc priest mumbles some strange prayers to Beogh against you.
Beogh smites you!
You die...

.###....##.#.# #.#
...........#.#
#.#####
#.##.##.####..
#.....# # #......
.#. #.###.#
####.#####.#### #.#
#.# ..## #.# . .##
..##.#
....#§####+####.#.#
#(.(go@)).....†.#
########+######.#
..# .### .# ##


You could see an orc priest and a goblin.

Vanquished Creatures
  2 orc wizards (D:3)
  2 adders
  An ooze (D:1)
  A leopard gecko (D:1)
  2 orcs (D:3)
  A ball python (D:2)
  2 giant cockroaches
  5 goblins
  3 hobgoblins (D:1)
  6 jackals
  5 kobolds
  7 bats
  2 frilled lizards
  2 rats (D:3)
41 creatures vanquished.

Notes
Turn   | Place    | Note
-------+----------+-------------------------------------------
     0 | D:1      | HDogLeCool the Draconian Transmuter began the quest for the Orb.
     0 | D:1      | Reached XP level 1. HP: 16/16 MP: 3/3
   223 | D:1      | Reached XP level 2. HP: 20/23 MP: 3/5
   644 | D:2      | Reached XP level 3. HP: 14/28 MP: 6/6
   767 | D:2      | Found a snail-covered altar of Cheibriados.
  1329 | D:3      | Reached XP level 4. HP: 32/36 MP: 5/7
  1347 | D:3      | Reached skill level 4 in Unarmed Combat
  1347 | D:3      | Killed from afar by an orc priest

Vault maps used:
D:1:      giann_wishing_wells, grunt_decor_one_mirror
D:2:      cheibriados_altar_1, first_ration, st_stairs_4, item_on_display_a,
          uniq_crazy_yiuf_cottage
D:3:      minmay_misc_feat_encased, st_stairs_12, interstate_on_off, uniq_robin

Skill      XL: |  1  2  3  4 |
---------------+-------------+-----
Fighting       | 2 |  2.0
Unarmed Combat | 4 |  4.0
Transmutations | 3 |  3.1
Dodging        | |  1.8
Spellcasting   | |  2.9

Action                   |  1- 3 |  4- 6 || total
-------------------------+-------+-------++-------
Melee: Unarmed           |   146 |    10 ||   156
       Tailslap          |     8 |     1 ||     9
       Kick              |    10 |       ||    10
       Headbutt          |     4 |     2 ||     6
       Punch             |     1 |       ||     1
Throw: Stone             |    16 |     2 ||    18
 Cast: Beastly Appendage |    20 |     2 ||    22
  Use: Scroll            |     2 |       ||     2
       Potion            |       |     1 ||     1
  Eat: Ration            |     1 |       ||     1
Armor: Skin              |    73 |     3 ||    76
Dodge: Dodged            |    92 |     6 ||    98

Table legend:
 A = Spawn XP
 B = Non-spawn XP
 C = Spawn XP percentage of total XP
 D = Spawn monster count
 E = Non-spawn monster count
 F = Spawn count percentage of total count
 G = Total turns spent on level
                    A         B        C        D         E        F      G
               +---------+---------+-------+---------+---------+-------+---------
         Total |       0 |     179 |   0.0 |       0 |      41 |   0.0 |  1347
               +---------+---------+-------+---------+---------+-------+---------
           D:1 |       0 |      37 |   0.0 |       0 |      18 |   0.0 |   620
           D:2 |       0 |      26 |   0.0 |       0 |       9 |   0.0 |   555
           D:3 |       0 |     116 |   0.0 |       0 |      14 |   0.0 |   172
               +---------+---------+-------+---------+---------+-------+---------
